 Dungeon Crawl Stone Soup version 0.30-a0-672-gc3a7216ad8 (webtiles) character file.

Game seed: 3076782937707157621

76819 Dirtsage the Martial Artist (level 15, -12/121 HPs)
             Began as an Octopode Transmuter on Jan 18, 2023.
             Was an Initiate of Gozag.
             Mangled by Sonja
             ... wielding a +2 dagger of distortion
              (19 damage)
             ... on level 2 of the Orcish Mines.
             The game lasted 01:22:11 (25947 turns).

Dirtsage the Martial Artist (Octopode Transmuter)  Turns: 25947, Time: 01:22:12

Health: -12/121    AC: 11    Str: 32    XL:     15   Next: 54%
Magic:  0/35       EV: 22    Int: 29    God:    Gozag
Gold:   940        SH:  0    Dex: 13    Spells: 11/29 levels left

rFire   . . .      SeeInvis .      - Unarmed
rCold   + + .      Faith    .    (shield currently unavailable)
rNeg    . . .      Spirit   +    (helmet currently unavailable)
rPois   +          Reflect  .    r - amulet of guardian spirit
rElec   .          Harm     .    c - +6 ring of strength
rCorr   +          Rampage  .    Z - +6 ring of strength
Will    +....                    F - ring of protection from fire
Stlth   +                        J - ring of Mysticism {rC- rCorr EV+5 Str+3}
HPRegen 0.40/turn                W - ring of wizardry
MPRegen 0.24/turn                L - +4 ring of evasion
                                 N - ring of magical power
                                 V - ring "Viusuig" {Str+8 Int+6}

@: lethally poisoned (-12 -> -16), ice-form, slowed, very slow
A: freezing attack, boosted hp, almost no armour, amphibious, 8 rings, large,
(camouflage 1), (gelatinous body 1), (nimble swimmer 1), (tentacles),
(iridescent scales 2), screaming 1, (shaggy fur 1), MP-powered wands
a: End Transformation, Renounce Religion, Potion Petition, Call Merchant, Bribe
Branch


You were on level 2 of the Orcish Mines.
You worshipped Gozag.
Gozag was pleased with you.
You were a creature of crystalline ice.
You visited 4 branches of the dungeon, and saw 23 of its levels.
You also visited: Ice Cave and Volcano.

You collected 9207 gold pieces.
You spent 4812 gold pieces at shops.
You paid 3455 gold pieces to Gozag.

Inventory:

Hand Weapons
 X - the +7 dagger of Starshine (melded) {flame, rElec Str+6 Dex-3 Stlth+}
   (You found it on level 9 of the Dungeon)

   Str:       It affects your strength (+6).
   Dex:       It affects your dexterity (-3).
   rElec:     It insulates you from electricity.
   Stlth:     It makes you more stealthy.
Missiles
 A - 3 throwing nets
 O - 3 curare-tipped darts
Armour
 e - a +0 hat (melded)
Magical Staves
 Y - a staff of conjuration
Jewellery
 c - a +6 ring of strength (left front paw)
 r - an amulet of guardian spirit (around neck)
 C - a ring of resist corrosion
 F - a ring of protection from fire (on tentacle)
 G - an amulet of the acrobat
 I - a ring of protection from cold
 J - the ring of Mysticism (on tentacle) {rC- rCorr EV+5 Str+3}
   (You acquired it on level 10 of the Dungeon)

   [ring of evasion]

   EV:        It affects your evasion (+5).
   Str:       It affects your strength (+3).
   rC:        It makes you vulnerable to cold.
   rCorr:     It protects you from acid and corrosion.
 K - the ring "Goll" {Ice Contam rPois Will++ Slay+3}
   (You bought it in a shop on level 11 of the Dungeon)

   [ring of ice]

   It enhances your ice magic.
   Slay:      It affects your accuracy & damage with ranged weapons and melee
   (+3).
   rF:        It makes you vulnerable to fire.
   rC:        It protects you from cold.
   rPois:     It protects you from poison.
   Contam:    It causes magical contamination when unequipped.
   Will:      It greatly increases your willpower.
 L - a +4 ring of evasion (on tentacle)
 N - a ring of magical power (on tentacle)
 S - a ring of protection from cold
 V - the ring "Viusuig" (on tentacle) {Str+8 Int+6}
   (You bought it in a shop on level 5 of the Lair of Beasts)

   [ring of intelligence]

   Str:       It affects your strength (+8).
   Int:       It affects your intelligence (+6).
 W - a ring of wizardry (on tentacle)
 Z - a +6 ring of strength (right front paw)
Wands
 m - a wand of light (9)
 D - a wand of digging (2)
 H - a wand of iceblast (10)
 R - a wand of flame (4)
 U - a wand of charming (17)
Scrolls
 a - 2 scrolls of enchant armour
 b - a scroll of poison
 f - 2 scrolls of enchant weapon
 g - a scroll of fear
 i - 14 scrolls of identify
 p - 3 scrolls of vulnerability
 s - 3 scrolls of noise
 t - 4 scrolls of teleportation
 u - 4 scrolls of fog
 x - 4 scrolls of amnesia
 y - 2 scrolls of torment
 z - 5 scrolls of immolation
 B - 3 scrolls of blinking
 P - 3 scrolls of magic mapping
 T - 2 scrolls of silence
Potions
 d - 2 potions of might
 h - a potion of haste
 j - 5 potions of magic
 k - 8 potions of brilliance
 l - 2 potions of heal wounds
 n - 5 potions of resistance
 o - 2 potions of flight
 q - 10 potions of curing
 v - 7 potions of mutation
 w - a potion of invisibility
 E - 2 potions of berserk rage
 Q - 4 potions of lignification
Miscellaneous
 M - a box of beasts (inert)


   Skills:
 - Level 9.2 Fighting
 - Level 9.3 Dodging
 - Level 13.4 Unarmed Combat
 - Level 7.8 Spellcasting
 * Level 7.1 Conjurations
 - Level 8.8 Translocations
 - Level 9.0 Transmutations
 - Level 8.0 Ice Magic
 * Level 7.0 Air Magic
 - Level 8.0 Evocations


You had 11 spell levels left.
You knew the following spells:

 Your Spells              Type           Power      Damage    Failure   Level
a - Manifold Assault      Tloc           58%        N/A       1%          4
b - Wereblood             Tmut           59%        N/A       1%          2
c - Ice Form              Ice/Tmut       57%        N/A       1%          4
d - Frozen Ramparts       Ice            100%       1d16      1%          3
e - Arcjolt               Conj/Air       25%        1d35      2%          5

Your spell library contained the following spells:

 Spells                   Type           Power      Damage    Failure   Level
 Apportation              Tloc           100%       N/A       1%          1
 Beastly Appendage        Tmut           100%       N/A       1%          1
 Freeze                   Ice            100%       1d10      1%          1
 Magic Dart               Conj           100%       1d8       1%          1
 Necrotise                Necr           44%        1d6       1%          1
 Shock                    Conj/Air       100%       1d9       1%          1
 Slow                     Hex            44%        N/A       1%          1
 Summon Small Mammal      Summ           44%        N/A       1%          1
 Searing Ray              Conj           100%       2d8       1%          2
 Static Discharge         Conj/Air       100%       2-7/arc   1%          2
 Dazzling Flash           Conj/Hex       62%        N/A       1%          3
 Hailstorm                Conj/Ice       53%        3d12      1%          3
 Ignite Poison            Fire/Tmut/Pois 28%        N/A       1%          3
 Spider Form              Tmut/Pois      37%        N/A       1%          3
 Vhi's Electric Charge    Tloc/Air       100%       N/A       1%          3
 Iskenderun's Mystic Bla  Conj/Tloc      55%        2d12      1%          4
 Blade Hands              Tmut           29%        N/A       1%          5
 Sublimation of Blood     Necr           11%        N/A       2%          2
 Lightning Bolt           Conj/Air       25%        1d41      2%          5
 Fulminant Prism          Conj/Hex       15%        3d11      4%          4
 Sticky Flame             Conj/Fire      31%        2d5       4%          4
 Confusing Touch          Hex            11%        N/A       6%          3
 Vampiric Draining        Necr           11%        2d6       6%          3
 Dispersal                Tloc           29%        N/A       8%          6
 Alistair's Intoxication  Tmut/Pois      24%        N/A       9%          5
 Eringya's Noxious Bog    Tmut/Pois      18%        N/A       41%         6
 Borgnjor's Vile Clutch   Necr/Erth      5%         N/A       45%         5
 Iron Shot                Conj/Erth      15%        9d4       52%         6
 Starburst                Conj/Fire      15%        6d6       52%         6
 Disjunction              Tloc           29%        N/A       96%         8
 Summon Hydra             Summ           5%         N/A       100%        7
 Ignition                 Fire           5%         3d4       100%        8
 Animate Armour           Summ/Erth      Unusable   N/A       N/A         4

Dungeon Overview and Level Annotations

Branches:
Dungeon (15/15)            Temple (1/1) D:6            Lair (5/5) D:8
  Swamp (0/4) Lair:2       Spider (0/4) Lair:3        Slime (0/5) Lair:5
    Orc (2/2) D:10         Vaults (0/5) D:14         Depths (0/4) D:15
  IceCv (visited)         Volcano (visited)
    Elf: Orc:2

Altars:
Ashenzari
Dithmenos
Elyvilon
Fedhas
Gozag
Hepliaklqana
Kikubaaqudgha
Makhleb
Okawaru
Ru
Sif Muna
Trog
Vehumet
Wu Jian
Xom
Yredelemnul
The Shining One
Jiyva

Shops:
D:10 ?   D:11 =   D:13 :   D:15 ?*   Lair:3 :   Lair:5 =

Portals:
Trove: D:15 (give 2 scrolls of acquirement)

Annotations:
D:8 3 runed translucent doors, ThereIsNoGod's ghost, novice OpFi
Lair:1 Kifaisig's ghost, journeyman DgEE
Orc:2 Sonja


Innate Abilities, Weirdness & Mutations

You are a creature of crystalline ice.
You have a powerful freezing melee attack.
Your maximum health is increased.
Your armour is entirely melded.
You are incapable of wielding weapons or throwing items.
You cannot wear most types of armour.
You are amphibious.
You can wear up to eight rings at the same time.
((Your skin changes colour to match your surroundings (Stealth+).))
((Your rubbery body absorbs attacks. (AC +1, EV +1)))
((You are camouflaged when in or above water. (Stealth+)))
((You have tentacles for arms and can constrict up to eight enemies at once.))
((You are mostly covered in iridescent scales. (AC +4)))
You occasionally shout uncontrollably at your foes.
((You are covered in fur. (AC +1)))
You expend magic power (3 MP) to strengthen your wands.


Message History

Sonja throws a curare-tipped dart.
The curare-tipped dart completely misses you.
The warg is distracted by your dazzling golden aura.
Sonja is distracted by your dazzling golden aura.
You hear two shouts!
You hear a shout! x3; The warg howls!
You hear a shout! x3
The ogre shouts! x2; You hear two shouts! x2; You hear a shout!
You hear two shouts!
You hear a shout!
You hear two shouts! x2
You hear a shout!
You hear a shout!
Sonja barely misses you.
Sonja hits you with a +2 dagger of distortion.
Sonja hits you but does no damage. Space warps horribly around you!
You hear a shout! x3
You take 14 damage, and have 61/121 hp.
You now have 13/35 mp.
Sonja attacks as you move away! Sonja hits you but does no damage.
Space warps around you. Sonja hits you but does no damage.
Sonja closely misses you.
Sonja throws a curare-tipped dart.
The curare-tipped dart barely misses you.
Sonja throws a curare-tipped dart.
The curare-tipped dart hits you.
You are poisoned.
You have difficulty breathing.
You feel as though you will be slow longer.
You take 8 damage, and have 53/121 hp.
You now have 11/35 mp.
You feel very sick.
Things that are here:
4 gold pieces; a +0 dagger You take 3 damage, and have 50/121 hp.
Sonja attacks as you move away! Sonja misses you.
Sonja hits you with a +2 dagger of distortion.
Space warps horribly around you!
* * * LOW HITPOINT WARNING * * *
Sonja closely misses you.
You feel sick. Sonja hits you but does no damage. x2
Space warps horribly around you!
* * * LOW HITPOINT WARNING * * *
Sonja hits you but does no damage. Space warps horribly around you!!
* * * LOW HITPOINT WARNING * * *
Sonja completely misses you. x2; Sonja hits you but does no damage.
Space warps horribly around you!!
You die...
Your body crumbles into a pile of gold.

#..# ###.......... ##..#
##.##......... #####...#
#.....$.......
........###....$........
......O.<##..)..........
#####.#O#.......##..##..
#........#......... .
##..K$.#####$##.....
#..$Y### ### .....
##.#<## $$. ##...# .
##.## ###


You could see Sonja and 2 ogres.

Vanquished Creatures
  Frances (D:14)
  Agnes (D:14)
  Snorg (Lair:5)
  Josephine (D:14)
  A fire dragon (Lair:5)
  4 vault guards (D:14)
  3 hydras
  A spriggan skeleton (D:15)
  A catoblepas (Lair:1)
  2 boulder beetles
  6 two-headed ogres
  2 tengu warriors (D:15)
  A vampire mage (D:15)
  Urug (Lair:4)
  A hell knight (Volcano)
  A spectral catoblepas (Lair:1)
  A spectral death yak (Lair:1)
  2 skeletal warriors (D:15)
  A lindwurm (Lair:2)
  A swamp dragon (Lair:5)
  An orb spider (Lair:3)
  4 bog bodies (Lair:2)
  An orc knight (D:15)
  A necromancer (D:15)
  A stone giant zombie (D:15)
  9 ugly things
  5 cyclopes
  A frost giant zombie (D:15)
  An oklob plant (Lair:4)
  2 manticores (D:11)
  A smoke demon (Volcano)
  9 elephants (Lair:5)
  A frost giant skeleton (D:15)
  4 gargoyles
  Joseph (D:8)
  4 black mambas
  An ice statue (D:9)
  11 cane toads
  7 rime drakes
  Psyche (D:8)
  12 komodo dragons
  A freezing wraith (IceCv)
  3 trolls
  A tengu conjurer (D:15)
  9 polar bears (Lair:5)
  3 red devils (Volcano)
  3 meliai (D:13)
  5 hornets (Lair:1)
  17 blink frogs
  2 raiju (Lair:5)
  A spectral dream sheep (Lair:1)
  Sigmund (D:2)
  6 wraiths
  A centaur simulacrum (D:15)
  A dire elephant simulacrum (IceCv)
  45 yaks
  3 shadows
  3 wyverns
  2 basilisks
  7 vampire mosquitoes
  4 steam dragons
  6 wargs
  A redback (shapeshifter) (D:14)
  A swamp worm (Lair:2)
  An acid dragon (D:11)
  16 hell hounds
  2 ice beasts
  2 swamp drakes (Lair:5)
  7 water moccasins
  2 sky beasts (D:7)
  4 orc warriors
  A spectral torpor snail (Lair:1)
  12 black bears
  2 ogres (D:6)
  13 wolves (Lair:5)
  7 centaurs
  3 phantoms
  3 kobold brigands
  14 bullfrogs
  2 necrophages
  A gnoll sergeant (D:7)
  3 scorpions
  A cane toad simulacrum (IceCv)
  5 wights (D:8)
  A hornet simulacrum (D:14)
  3 troll zombies (D:10)
  5 killer bees (D:8)
  An elephant simulacrum (IceCv)
  4 howler monkeys
  3 electric eels
  A torpor snail simulacrum (Lair:1)
  8 orc priests
  A gnoll bouda (D:9)
  A hound (D:6)
  7 iguanas
  28 orc wizards
  5 hell rats (Lair:5)
  A polar bear simulacrum (IceCv)
  3 ogre zombies (D:10)
  8 gnolls
  5 adders
  A white imp (D:7)
  5 worms
  4 dart slugs (D:4)
  53 orcs
  4 bats
  2 endoplasms
  4 giant cockroaches
  8 goblins
  4 hobgoblins
  2 jackals (D:5)
  A quokka (D:3)
  8 ball pythons
  5 frilled lizards
  A goblin skeleton (D:10)
  2 goblin zombies (D:10)
  A hobgoblin skeleton (D:10)
  2 hobgoblin zombies (D:10)
  9 kobolds
  2 orc skeletons (D:10)
  11 orc zombies (D:10)
  4 rats
556 creatures vanquished.

Vanquished Creatures (collateral kills)
  A spectral dream sheep (Lair:1)
  A spectral komodo dragon (Lair:1)
  A wolf simulacrum (IceCv)
3 creatures vanquished.

Vanquished Creatures (others)
  5 dream sheep (D:4)
  A kobold (D:8)
  6 fungi
  42 plants
  3 withered plants (D:15)
57 creatures vanquished.

Grand Total: 616 creatures vanquished

Notes
Turn   | Place    | Note
-------+----------+-------------------------------------------
     0 | D:1      | Dirtsage the Octopode Transmuter began the quest for the
                  | Orb.
     0 | D:1      | Reached XP level 1. HP: 13/13 MP: 3/3
   238 | D:1      | Reached skill level 1 in Ice Magic
   238 | D:1      | Reached XP level 2. HP: 11/18 MP: 3/5
   244 | D:1      | Learned a level 2 spell: Wereblood
   705 | D:2      | Reached XP level 3. HP: 10/23 MP: 4/6
  1059 | D:2      | Noticed Sigmund
  1079 | D:2      | Killed Sigmund
  1080 | D:2      | Reached XP level 4. HP: 25/28 MP: 4/7
  1080 | D:2      | Reached XP level 5. HP: 30/33 MP: 4/8
  1808 | D:3      | Learned a level 4 spell: Ice Form
  2071 | D:3      | Noticed a floating eye
  2107 | D:3      | Noticed a great orb of eyes
  2109 | D:3      | Found a faded altar of an unknown god.
  2112 | D:3      | Noticed a shining eye
  2112 | D:3      | Noticed a shining eye
  2120 | D:3      | Found a basalt altar of Yredelemnul.
  2192 | D:3      | Found an opulent altar of Gozag.
  2314 | D:3      | Became a worshipper of Gozag Ym Sagoz the Greedy
  2522 | D:3      | Reached XP level 6. HP: 30/38 MP: 7/9
  2558 | D:3      | Found a broken altar of Ashenzari.
  2558 | D:3      | Found a burning altar of Makhleb.
  2599 | D:3      | Found a faded altar of an unknown god.
  2617 | D:3      | Found an ornate altar of the Wu Jian Council.
  2619 | D:3      | Found a faded altar of an unknown god.
  2958 | D:4      | Found a sacrificial altar of Ru.
  3114 | D:4      | Reached skill level 5 in Transmutations
  3202 | D:4      | Noticed a dream sheep
  3202 | D:4      | Noticed a dream sheep
  3202 | D:4      | Noticed a dream sheep
  3202 | D:4      | Noticed a dream sheep
  3202 | D:4      | Noticed a dream sheep
  3202 | D:4      | Found a shimmering altar of Xom.
  3205 | D:4      | Killed a dream sheep
  3205 | D:4      | Killed a dream sheep
  3205 | D:4      | Killed a dream sheep
  3205 | D:4      | Killed a dream sheep
  3206 | D:4      | Killed a dream sheep
  3814 | D:5      | Entered Level 5 of the Dungeon
  3863 | D:5      | Reached XP level 7. HP: 43/43 MP: 5/10
  4119 | D:5      | Reached skill level 5 in Ice Magic
  4694 | D:6      | Found a staircase to the Ecumenical Temple.
  4724 | Temple   | Entered the Ecumenical Temple
  4902 | D:6      | Reached XP level 8. HP: 48/48 MP: 6/11
  5858 | D:7      | Reached XP level 9. HP: 43/53 MP: 6/12
  6179 | D:7      | Noticed a boulder beetle
  6205 | D:7      | HP: 1/63 [boulder beetle (9)]
  6207 | D:7      | Killed a boulder beetle
  6208 | D:7      | Reached skill level 4 in Unarmed Combat
  6208 | D:7      | Reached skill level 1 in Evocations
  6507 | D:7      | Reached skill level 5 in Unarmed Combat
  6566 | D:7      | Learned a level 4 spell: Manifold Assault
  6748 | D:7      | Found a shimmering blue altar of Sif Muna.
  6799 | D:7      | Got Sif Muna's Enchiridion on Blows
  7310 | D:7      | Gained mutation: One of your tentacles bears a spike.
                  | [potion of mutation]
  7310 | D:7      | Gained mutation: You expend magic power (3 MP) to
                  | strengthen your wands. [potion of mutation]
  7310 | D:7      | Gained mutation: One of your tentacles bears a nasty spike.
                  | [potion of mutation]
  7340 | D:8      | Noticed Psyche
  7347 | D:8      | Reached skill level 1 in Translocations
  7357 | D:8      | Killed Psyche
  7358 | D:8      | Reached XP level 10. HP: 63/63 MP: 11/13
  7493 | D:8      | Found a staircase to the Lair.
  7574 | D:8      | Reached skill level 6 in Unarmed Combat
  7682 | D:8      | Noticed Joseph
  7694 | D:8      | Killed Joseph
  8243 | D:8      | Found a runed translucent gate.
  8243 | D:8      | Noticed ThereIsNoGod's ghost (novice OpFi)
  8244 | D:8      | Found a runed translucent gate.
  8358 | D:8      | Found a runed translucent gate.
  8360 | D:8      | Identified the +13 plate armour of Indecent Exposure {*Slow
                  | Str+2 Dex+5 Stlth+}
  9556 | D:9      | Learned a level 3 spell: Frozen Ramparts
  9653 | D:9      | Reached skill level 7 in Unarmed Combat
  9812 | D:9      | Noticed an ice statue
  9836 | D:9      | Killed an ice statue
  9872 | D:9      | Identified the +7 dagger of Starshine {flame, rElec Str+6
                  | Dex-3 Stlth+}
 10580 | D:9      | Saving game... please wait.
 10618 | D:10     | Entered Level 10 of the Dungeon
 10759 | D:10     | Reached XP level 11. HP: 55/70 MP: 10/15
 10831 | D:10     | Found Xiqahith's Magic Scroll Emporium.
 10840 | D:10     | Bought a scroll of teleportation for 39 gold pieces
 10840 | D:10     | Bought a scroll of acquirement for 676 gold pieces
 10840 | D:10     | Bought a scroll of identify for 26 gold pieces
 10840 | D:10     | Bought a scroll of identify for 26 gold pieces
 10840 | D:10     | Bought a scroll of identify for 26 gold pieces
 10840 | D:10     | Acquired the ring of Mysticism {rC- rCorr EV+5 Str+3}
 10884 | D:10     | Reached skill level 5 in Dodging
 10924 | D:10     | Reached skill level 5 in Evocations
 10931 | D:10     | Reached skill level 8 in Unarmed Combat
 10953 | D:10     | Found a staircase to the Orcish Mines.
 11205 | D:10     | Reached skill level 5 in Fighting
 11295 | D:10     | Noticed a two-headed ogre
 11320 | D:10     | Killed a two-headed ogre
 11633 | D:10     | Noticed a two-headed ogre
 11645 | D:10     | Killed a two-headed ogre
 11877 | D:11     | Noticed a two-headed ogre
 11884 | D:11     | Killed a two-headed ogre
 12007 | D:11     | Noticed a manticore
 12044 | D:11     | Killed a manticore
 12226 | D:11     | Noticed a two-headed ogre
 12236 | D:11     | Killed a two-headed ogre
 12237 | D:11     | Reached skill level 9 in Unarmed Combat
 12240 | D:11     | Noticed a manticore
 12251 | D:11     | Killed a manticore
 12368 | D:11     | Found Buirchapn's One-of-a-Kind Rings.
 12376 | D:11     | Bought the ring "Goll" {Ice Contam rPois Will++ Slay+3} for
                  | 915 gold pieces
 12376 | D:11     | Bought a +4 ring of evasion for 336 gold pieces
 12708 | Lair:1   | Entered Level 1 of the Lair of Beasts
 12732 | Lair:1   | Reached skill level 5 in Translocations
 12757 | Lair:1   | Reached XP level 12. HP: 78/78 MP: 7/18
 12998 | Lair:1   | Found a runed translucent gate.
 12998 | Lair:1   | Found a runed translucent gate.
 12998 | Lair:1   | Found a runed translucent gate.
 13134 | Lair:1   | Noticed a catoblepas
 13146 | Lair:1   | Killed a catoblepas
 13446 | Lair:1   | Identified the +0 scale mail of Eternal Vigilance {rF++ rC+
                  | Str+2 Int-5}
 14000 | Lair:1   | Noticed Kifaisig's ghost (journeyman DgEE)
 14028 | Lair:1   | Reached skill level 10 in Unarmed Combat
 14298 | Lair:1   | Reached skill level 5 in Spellcasting
 15018 | Lair:2   | Found a dark tunnel.
 15062 | Lair:2   | Gained mutation: You occasionally lose the ability to drink
                  | potions when taking damage. [mutagenic glow]
 15218 | Volcano  | Entered a volcano
 15319 | Volcano  | Reached XP level 13. HP: 58/86 MP: 12/21
 15760 | Volcano  | Reached skill level 11 in Unarmed Combat
 15913 | Volcano  | Lost mutation: You expend magic power (3 MP) to strengthen
                  | your wands. [potion of mutation]
 15913 | Volcano  | Lost mutation: One of your tentacles bears a nasty spike.
                  | [potion of mutation]
 15913 | Volcano  | Lost mutation: One of your tentacles bears a spike. [potion
                  | of mutation]
 15913 | Volcano  | Gained mutation: Your body sometimes deteriorates upon
                  | taking damage. [potion of mutation]
 15913 | Volcano  | Gained mutation: You have supernaturally acute eyesight.
                  | (SInv) [potion of mutation]
 15914 | Volcano  | Lost mutation: You have supernaturally acute eyesight.
                  | (SInv) [potion of mutation]
 15914 | Volcano  | Lost mutation: You occasionally lose the ability to drink
                  | potions when taking damage. [potion of mutation]
 15914 | Volcano  | Lost mutation: Your body sometimes deteriorates upon taking
                  | damage. [potion of mutation]
 15914 | Volcano  | Gained mutation: You are weak. (Str -2) [potion of
                  | mutation]
 15915 | Volcano  | Lost mutation: You are weak. (Str -2) [potion of mutation]
 15915 | Volcano  | Gained mutation: You occasionally shout uncontrollably at
                  | your foes. [potion of mutation]
 15915 | Volcano  | Gained mutation: You have hidden genetic potential. [potion
                  | of mutation]
 15915 | Volcano  | Gained mutation: You are partially covered in iridescent
                  | scales. (AC +2) [potion of mutation]
 15915 | Volcano  | Gained mutation: You are covered in fur. (AC +1) [potion of
                  | mutation]
 16068 | Lair:2   | Found a staircase to the Swamp.
 17181 | Lair:3   | Found a hole to the Spider Nest.
 17624 | Lair:4   | Found a frozen archway.
 17633 | IceCv    | Entered an ice cave
 17700 | IceCv    | Found a transporter.
 17714 | IceCv    | Found a transporter.
 18437 | Lair:4   | Noticed Urug
 18446 | Lair:4   | Killed Urug
 18842 | Lair:5   | Entered Level 5 of the Lair of Beasts
 18887 | Lair:5   | Reached skill level 12 in Unarmed Combat
 19210 | Lair:5   | Reached XP level 14. HP: 94/94 MP: 23/24
 19317 | Lair:5   | Gained mutation: You expend magic power (3 MP) to
                  | strengthen your wands. [hidden potential]
 20262 | Lair:5   | Found a viscous altar of Jiyva.
 20262 | Lair:5   | Found a staircase to the Slime Pits.
 20372 | Lair:5   | Noticed Snorg
 20384 | Lair:5   | Killed Snorg
 20385 | Lair:5   | Reached skill level 13 in Unarmed Combat
 21460 | Lair:5   | Bought a ring of wizardry for 510 gold pieces
 21460 | Lair:5   | Bought the ring "Viusuig" {Str+8 Int+6} for 1016 gold
                  | pieces
 21468 | Lair:5   | Learned a level 5 spell: Arcjolt
 21830 | D:12     | Reached skill level 1 in Conjurations
 21830 | D:12     | Reached skill level 1 in Air Magic
 22695 | D:13     | Acquired 1252 gold pieces
 23373 | D:14     | Noticed Frances
 23388 | D:14     | Killed Frances
 23389 | D:14     | Reached XP level 15. HP: 101/101 MP: 23/26
 23476 | D:14     | Noticed Josephine
 23483 | D:14     | Killed Josephine
 23506 | D:14     | Gained mutation: You are mostly covered in iridescent
                  | scales. (AC +4) [hidden potential]
 23506 | D:14     | Lost mutation: You have hidden genetic potential. [hidden
                  | potential expressed]
 23830 | D:14     | Found a gate to the Vaults.
 23838 | D:14     | Reached skill level 5 in Conjurations
 23838 | D:14     | Reached skill level 5 in Air Magic
 24168 | D:14     | Noticed Agnes
 24177 | D:14     | Killed Agnes
 24403 | D:14     | You fall into a shaft and drop 1 floor!
 24403 | D:15     | Entered Level 15 of the Dungeon
 24435 | D:15     | Found a staircase to the Depths.
 25029 | D:15     | Found Jarel's Assorted Antiques.
 25034 | D:15     | Found a portal to a secret trove of treasure.
 25087 | D:15     | Bought a scroll of identify for 46 gold pieces
 25087 | D:15     | Bought a scroll of acquirement for 1196 gold pieces
 25087 | D:15     | Acquired 1198 gold pieces
 25457 | D:15     | Found a hazy altar of Hepliaklqana.
 25772 | Orc:1    | Entered Level 1 of the Orcish Mines
 25853 | Orc:2    | Entered Level 2 of the Orcish Mines
 25931 | Orc:2    | Noticed Sonja
 25947 | Orc:2    | Mangled by Sonja

Illustrated notes

Levels and vault maps discovered:
D:1:      minmay_arrival_statue_studded, layout_basic, minmay_pentomino_x4
D:2:      layout_basic, uniq_sigmund
D:3:      layout_rooms, yredelemnul_altar_generic, amcnicky_altar_gilded,
          chequers_temple_overflow_minitemple,
          hellmonk_ecumenical_altar_watching_god
D:4:      layout_basic, kb_xom_exploding_sheep, nicolae_ru_awakened_eye,
          minivault_19
D:5:      layout_loops_ring, minmay_crystal_room, grunt_ministairs_1,
          hangedman_decor_growths
D:6:      layout_basic, minmay_temple_entry_slanted,
          hangedman_abyss_or_decor_stagger
D:7:      minmay_skewed_foursquare, layout_loops_ring, led_sif_book
D:8:      nicolae_cairo_tiling, layout_loops_corners, enter_bailey_7,
          biasface_ghost_orc_armoury, uniq_joseph, uniq_psyche
D:9:      lemuel_ice_statue, layout_grid_maze, hangedman_abyss_or_decor_passed
D:10:     layout_basic, zombieorc1_lemuel, serial_shops, shop_statue
D:11:     layout_rooms, nicolae_shop_unique_rings
D:12:     layout_basic, minmay_misc_feat_rugged
D:13:     layout_small_grid
D:14:     layout_roguey, lightli_vaults_fourway_checkpoint,
          kennysheep_cluttered_room, nicolae_underground_beach, uniq_josephine,
          uniq_agnes, uniq_frances
D:15:     gammafunk_depths_entry_grave, layout_gridville, serial_shops,
          nicolae_shop_statue_plus, nicolae_trove_entry_crossroad,
          nzn_hepliaklqana_mist_gate
Temple:   eino_narrow_crystal_temple
Lair:1:   layout_cave_pods, gammafunk_ghost_necromancy, dreamdust_wasp_nest
Lair:2:   layout_cave_pods, nicolae_swamp_entry_splash_gauntlet,
          nicolae_volcano_entry_vermiform, serial_bayou_shore_b,
          grunt_megastairs_1
Lair:3:   layout_misc_corridors, nicolae_spider_entry_orb_guardian,
          grunt_forest_small_clearing_treed, infiniplex_staircase_pool
Lair:4:   layout_regular_city, portal_ice_cave_entry_pillars_1, uniq_urug
Lair:5:   guppyfry_lair_end_dragon, layout_regular_city,
          hangedman_lair_caniforms_friends, slime_entry_1,
          infiniplex_staircase_pool_2, uniq_snorg
Orc:1:    layout_caves
Orc:2:    st_orc_ogre_mass, layout_caves, uniq_sonja, uniq_rupert, uniq_nessos

Skill      XL: |  1  2  3  4  5  6  7  8  9 10 11 12 13 14 15 |
---------------+----------------------------------------------+-----
Ice Magic      | 1 3 4 6 7 8 |  8.0
Transmutations | 4 5 6 8 9 |  9.0
Fighting       | 3 4 5 7 8 9 |  9.2
Unarmed Combat | 5 7 9 10 12 13 | 13.4
Evocations     | 3 4 6 7 8 |  8.0
Dodging        | 3 4 6 7 8 9 |  9.3
Translocations | 1 3 5 6 7 8 |  8.8
Spellcasting   | 4 5 6 7 |  7.8
Conjurations   | 3 7 |  7.1
Air Magic      | 3 7 |  7.0

Action                   |  1- 3 |  4- 6 |  7- 9 | 10-12 | 13-15 || total
-------------------------+-------+-------+-------+-------+-------++-------
Melee: Unarmed           |    58 |    92 |   164 |   416 |   636 ||  1366
       Constrict         |    15 |    11 |     2 |     3 |     3 ||    34
       Tentacles         |     6 |     9 |     3 |     9 |     3 ||    30
       Kick              |     7 |     8 |       |    16 |       ||    31
       Punch             |     2 |     2 |       |     2 |     1 ||     7
       Dagger            |       |       |       |    23 |     9 ||    32
 Cast: Beastly Appendage |     8 |     9 |       |       |       ||    17
       Ice Form          |       |     9 |    21 |    48 |    68 ||   146
       Wereblood         |       |     3 |     8 |    24 |    21 ||    56
       Frozen Ramparts   |       |       |       |    32 |    51 ||    83
       Manifold Assault  |       |       |       |       |    15 ||    15
       Arcjolt           |       |       |       |       |    11 ||    11
Invok: Call Merchant     |       |       |       |       |     4 ||     4
Evoke: Wand              |       |       |     3 |     7 |    15 ||    25
       Box of beasts     |       |       |       |     1 |     2 ||     3
  Use: Potion            |     1 |       |     7 |     2 |     4 ||    14
       Scroll            |       |     8 |     4 |     8 |     4 ||    24
 Stab: Sleeping          |     4 |     3 |       |       |       ||     7
       Distracted        |       |       |     1 |     1 |     7 ||     9
       Invisible         |       |       |     1 |     1 |       ||     2
       Betrayed ally     |       |       |       |       |     1 ||     1
Armor: Skin              |     9 |    19 |    72 |   103 |    89 ||   292
Dodge: Dodged            |    27 |    35 |    66 |   218 |   410 ||   756

Table legend: (Time is in decaauts)
 A = Elapsed time spent in this place.
 B = Non-inter-level travel time spent in this place.
 C = Inter-level travel time spent in this place.
 D = Time resting spent in this place.
 E = Time spent auto-exploring this place.
 F = Levels seen in this place.
 G = Mean time per level.
                   A        B        C        D        E       F      G
               +--------+--------+--------+--------+--------+-----+--------+
         Total |  25693 |  24416 |   1277 |    995 |  19344 |  25 | 1027.7 |
       Dungeon |  16735 |  15858 |    877 |    406 |  13242 |  15 | 1115.7 |
        Temple |      1 |      1 |      0 |      0 |      0 |   1 |    1.0 |
          Lair |   7977 |   7594 |    383 |    447 |   5482 |   5 | 1595.4 |
  Orcish Mines |    177 |    162 |     15 |      0 |     99 |   2 |   88.5 |
      Ice Cave |     95 |     95 |      0 |      0 |     61 |   1 |   95.0 |
       Volcano |    706 |    706 |      0 |    142 |    459 |   1 |  706.0 |
               +--------+--------+--------+--------+--------+-----+--------+

Top non-repeatable levels by time:
  Lair:5: 2588 daAuts
  Lair:1: 1835 daAuts
     D:9: 1707 daAuts
     D:8: 1696 daAuts
     D:7: 1665 daAuts
  Lair:2: 1499 daAuts
    D:15: 1262 daAuts
    D:10: 1257 daAuts
  Lair:4: 1162 daAuts
     D:4: 1093 daAuts
     D:2: 1054 daAuts
     D:6: 994 daAuts
    D:13: 975 daAuts
     D:3: 950 daAuts
  Lair:3: 891 daAuts
